 Dungeon Crawl Stone Soup version 0.29.0-4-gdea44cf6ec (webtiles) character file.

Game seed: 1929236753929990888

123 qw the Chopper (level 5, 0/30 HPs)
             Began as a Tengu Warper on Aug 28, 2022.
             Slain by an orc
             ... wielding a +0 flail
              (4 damage)
             ... on level 3 of the Dungeon.
             The game lasted 00:00:12 (2430 turns).

qw the Chopper (Tengu Warper)                       Turns: 2430, Time: 00:00:13

Health: 0/30       AC:  6    Str: 13    XL:     5   Next: 7%
Magic:  9/9        EV: 11    Int: 14    God:
Gold:   71         SH:  0    Dex: 13    Spells: 8/8 levels left

rFire   . . .      SeeInvis .   Y - +0 hand axe
rCold   . . .      Faith    .   (no shield)
rNeg    . . .      Spirit   .   c - +0 scale mail
rPois   .          Reflect  .   (helmet restricted)
rElec   .          Harm     .   (no cloak)
rCorr   .          Rampage  .   (no gloves)
Will    .....                   (boots unavailable)
Stlth   ..........              e - amulet of the acrobat
HPRegen 0.10/turn               (no ring)
MPRegen 0.11/turn               (no ring)

@: about to teleport, flying quickly and evasively, quick
A: beak, talons 3, nimble flight
a: no special abilities


You were on level 3 of the Dungeon.
You visited 1 branch of the dungeon, and saw 3 of its levels.

You collected 71 gold pieces.


Innate Abilities, Weirdness & Mutations

You have a beak for a mouth.
You have claws for feet.
Your magical nature lets you fly swiftly and evasively.


   Skills:
 - Level 2.0 Fighting
 + Level 5.6 Axes
 - Level 1.0 Throwing
 - Level 1.1 Armour
 - Level 2.1 Dodging
 - Level 2.0 Spellcasting
 - Level 2.4 Translocations


You had 8 spell levels left.
You didn't know any spells.
Your spell library contained the following spells:

 Spells                   Type           Power      Damage    Failure   Level
 Blink                    Tloc           16%        N/A       54%         2
 Gell's Gravitas          Tloc           8%         N/A       78%         3
 Lesser Beckoning         Tloc           8%         N/A       78%         3
 Teleport Other           Tloc           8%         N/A       78%         3
 Manifold Assault         Tloc           8%         N/A       100%        5

Inventory:

Hand Weapons
 j - a +0 whip
 Y - a +0 hand axe (weapon)
Missiles
 n - 3 boomerangs (quivered)
Armour
 c - a +0 scale mail (worn)
Jewellery
 e - an amulet of the acrobat (around neck)
Scrolls
 b - a scroll of poison {unknown}
 h - a scroll of magic mapping {unknown}
 i - a scroll of identify {unknown}
 l - a scroll of immolation {unknown}
 m - a scroll of vulnerability {unknown}
Potions
 a - a potion of curing {unknown}
 f - a potion of might {unknown}
 g - a potion of lignification {unknown}
 k - a potion of brilliance {unknown}

Dungeon Overview and Level Annotations

Branches:
Dungeon (3/15)

Altars:
Xom

Annotations:
D:3 Sigmund


Message History

The orc is heavily wounded.
You closely miss Sigmund. You hit the orc. x2
You hit the orc but do no damage. Sigmund closely misses you.
The orc barely misses you. The orc closely misses you.
You hit the orc.
The orc is almost dead.
You hit the orc but do no damage. You closely miss the orc. You hit the orc.
You hit Sigmund but do no damage. The orc barely misses you.
The orc completely misses you.
Sigmund mumbles some strange words.
Sigmund flickers and vanishes!
Deactivating autopickup; reactivate with Ctrl-A.
The orc hits you but does no damage.
You hit the orc.
You kill the orc!
You barely miss the orc. x2; You hit the orc but do no damage.
You barely miss something. The orc hits you with a +0 short sword.
The orc hits you with a +0 whip. The orc barely misses you. Something hits you.
You hit the orc.
You kill the orc!
You hit the orc.
You kill the orc!
You hit the orc. You hit the endoplasm. You hit something but do no damage.
The orc barely misses you.
The endoplasm hits you but does no damage.
You hit the endoplasm.
You kill the endoplasm!
You hit the orc priest. You hit the orc. You closely miss something.
Something hits you.
The orc priest hits you with a +0 short sword.
The orc hits you but does no damage.
2430 ||| READING scroll of teleportation.
As you read the scroll of teleportation, it crumbles to dust.
You feel strangely unstable. Something hits you.
The orc priest calls down the wrath of Beogh upon you.
You barely resist. The orc hits you with a +0 flail.
You die...

....... #.....#
....... #.....#
.....).
##########.....#
..... .
.......#....<..#
.....
^........#.....#
.
.........#.....#
..?......#.#####
.. ...$.....#.#
.. ......o@)#.#
.. ......){o#.#
........##.#
.........
####.....
#...... ##..../
#......


You could see an orc priest and an orc.

Vanquished Creatures
  A centaur skeleton (D:3)
  A hound zombie (D:3)
  3 adders (D:2)
  A worm (D:3)
  5 orcs
  2 ball pythons
  3 bats
  4 endoplasms
  2 giant cockroaches (D:3)
  3 goblins
  A hobgoblin (D:3)
  5 jackals (D:1)
  2 quokkas
  A frilled lizard (D:1)
  4 kobolds
  6 rats
44 creatures vanquished.

Vanquished Creatures (others)
  6 withered plants (D:3)
6 creatures vanquished.

Grand Total: 50 creatures vanquished

Notes
Turn   | Place    | Note
-------+----------+-------------------------------------------
     0 | D:1      | qw the Tengu Warper began the quest for the Orb.
     0 | D:1      | Reached XP level 1. HP: 12/12 MP: 4/4
     0 | D:1      | 0 ||| qw: Version: 0.1-a-89-g26bdef1
     0 | D:1      | 0 ||| qw: Game counter: 3380
     0 | D:1      | 0 ||| qw: Always use a shield: true
     0 | D:1      | 0 ||| qw: God list: Okawaru
     0 | D:1      | 0 ||| qw: Allow faded altars: false
     0 | D:1      | 0 ||| qw: Do Orc after D:15 true
     0 | D:1      | 0 ||| qw: Do second Lair branch before Depths: true
     0 | D:1      | 0 ||| qw: Lair rune preference: random
     0 | D:1      | 0 ||| qw: Plans: Normal
     0 | D:1      | 0 ||| PLANNING D:1-11
     3 | D:1      | 3 ||| DROPPING scroll of blinking.
     4 | D:1      | 4 ||| Stepping randomly (stuck).
     9 | D:1      | 9 ||| Stepping ~*~*~tactically~*~*~ (stealth).
   112 | D:1      | 112 ||| Stepping ~*~*~tactically~*~*~ (stealth).
   121 | D:1      | Reached XP level 2. HP: 15/17 MP: 6/6
   122 | D:1      | Reached skill level 3 in Axes
   155 | D:1      | 155 ||| Stepping ~*~*~tactically~*~*~ (stealth).
   334 | D:1      | 334 ||| Stepping ~*~*~tactically~*~*~ (stealth).
   600 | D:1      | Found a faded altar of an unknown god.
   690 | D:1      | 690 ||| UPGRADING to +0 scale mail.
   700 | D:1      | 700 ||| DROPPING +0 leather armour.
   701 | D:1      | 701 ||| UPGRADING to amulet of the acrobat.
   706 | D:1      | 706 ||| READING scroll labelled YREUBY SEACEA.
   734 | D:2      | HP: 4/17 [adder (2)]
   738 | D:2      | Reached XP level 3. HP: 5/21 MP: 7/7
  1010 | D:2      | 1010 ||| Stepping ~*~*~tactically~*~*~ (water).
  1022 | D:2      | Reached skill level 4 in Axes
  1237 | D:2      | HP: 5/21 [poisoned by an adder]
  1884 | D:2      | 1884 ||| READING scroll labelled XOIVAWUARO.
  1885 | D:2      | 1885 ||| READING scroll labelled ZUATUA TOTIM.
  1933 | D:3      | Reached XP level 4. HP: 25/26 MP: 8/8
  2061 | D:3      | 2061 ||| DROPPING +0 club.
  2064 | D:3      | Found a shimmering altar of Xom.
  2221 | D:3      | Reached skill level 5 in Axes
  2408 | D:3      | Gained mutation: Your magical nature lets you fly swiftly
                  | and evasively. [Tengu growth]
  2408 | D:3      | Reached XP level 5. HP: 30/30 MP: 9/9
  2417 | D:3      | Noticed Sigmund
  2429 | D:3      | HP: 7/30 [orc priest/+0 short sword (3)]
  2430 | D:3      | 2430 ||| READING scroll of teleportation.
  2430 | D:3      | Slain by an orc

Levels and vault maps discovered:
D:1:      scummos_arrival_star, layout_rooms,
          shapermc_ecumenical_altar_mp_urbaneastern
D:2:      wander_river, layout_loops_cross
D:3:      layout_rooms, bloody_makhleb, lemuel_crystal_altar, serial_undead,
          serial_undead_e, serial_undead_e, serial_undead_a, serial_undead_f,
          uniq_sigmund

Skill      XL: |  1  2  3  4 |
---------------+-------------+-----
Axes           | 3 4 5 |  5.6
Fighting       | |  2.0
Throwing       | |  1.0
Armour         | |  1.1
Dodging        | |  2.1
Spellcasting   | |  2.0
Translocations | |  2.4

Action                   |  1- 3 |  4- 6 || total
-------------------------+-------+-------++-------
Melee: Hand axe          |    78 |    43 ||   121
       Kick              |    16 |    12 ||    28
       Peck              |    11 |     5 ||    16
Throw: Boomerang         |     7 |     4 ||    11
  Use: Scroll            |     3 |     1 ||     4
Armor: Leather armour    |    13 |       ||    13
       Scale mail        |    26 |    23 ||    49
Dodge: Dodged            |    36 |    33 ||    69

Table legend:
 A = Non-vault XP
 B = Vault XP
 C = Vault XP percentage of total XP
 D = Non-vault monster count
 E = Vault monster count
 F = Vault count percentage of total count
                 A         B        C        D         E       F
            +---------+---------+-------+---------+---------+-------
      Total |     114 |      62 |  35.2 |      42 |       2 |   4.5
            +---------+---------+-------+---------+---------+-------
        D:1 |      26 |       0 |   0.0 |      15 |       0 |   0.0
        D:2 |      55 |       0 |   0.0 |      11 |       0 |   0.0
        D:3 |      33 |      62 |  65.3 |      16 |       2 |  11.1
            +---------+---------+-------+---------+---------+-------
